 Dungeon Crawl Stone Soup version 0.31-a0-702-gf82c85558f (webtiles) character file.

Game seed: 13389176377123043075

418 Revguard the Cutter (level 6, 0/36 HPs)
             Began as a Tengu Gladiator on Sept 8, 2023.
             Slain by a black bear (2 damage)
             ... on level 4 of the Dungeon.
             The game lasted 00:08:26 (3341 turns).

Revguard the Cutter (Tengu Gladiator)               Turns: 3341, Time: 00:08:27

Health: 0/36       AC:  5    Str: 14    XL:     6   Next: 93%
Magic:  8/8        EV: 13    Int:  8    God:
Gold:   210        SH:  0    Dex: 18    Spells: 5/5 levels left

rFire   . . .        a - +0 rapier
rCold   . . .        (no shield)
rNeg    . . .        g - +0 ring mail
rPois   +            c - +0 hat
rElec   .            (no cloak)
rCorr   .            (no gloves)
SInv    .            (boots unavailable)
Will    .....        (no amulet)
Stlth   +            f - ring of poison resistance
HPRegen 0.26/turn    (no ring)
MPRegen 0.11/turn

%: acrobat
@: invisible
A: beak, talons 3, acrobatic
a: no special abilities


You were on level 4 of the Dungeon.
You visited 2 branches of the dungeon, and saw 5 of its levels.

You collected 210 gold pieces.

Inventory:

Hand Weapons
 a - a +0 rapier (weapon)
 n - a +2 antimagic dagger
Missiles
 e - a javelin
Armour
 b - a +0 leather armour
 c - a +0 hat (worn)
 g - a +0 ring mail (worn)
Jewellery
 f - a ring of poison resistance (left hand)
Scrolls
 h - a scroll of blinking {unknown}
 i - a scroll of fear {unknown}
 j - a scroll of silence {unknown}
 m - a scroll of acquirement {unknown}
Potions
 k - 2 potions of curing {unknown}
 l - a potion of haste
 o - 2 potions of brilliance {unknown}


   Skills:
 + Level 2.9 Fighting
 * Level 5.0 Short Blades
 - Level 2.0 Throwing
 + Level 2.1 Armour
 * Level 4.9 Dodging
 + Level 1.5 Stealth
 + Level 1.8 Invocations
 + Level 2.0 Evocations


You had 5 spell levels left.
You didn't know any spells.
Your spell library contained the following spells:

 Spells                   Type           Power      Damage    Failure   Level
 Tukima's Dance           Hex            0%         N/A       95%         3
 Dimensional Bullseye     Hex/Tloc       0%         N/A       100%        4
 Iskenderun's Mystic Bla  Conj/Tloc      0%         2d3       100%        4


Dungeon Overview and Level Annotations

Branches:
Dungeon (4/15)             Temple (1/1) D:4

Altars:
Ashenzari
Cheibriados
Dithmenos
Fedhas
Gozag
Hepliaklqana
Kikubaaqudgha
Makhleb
Nemelex Xobeh
Okawaru
Qazlal
Ru
Sif Muna
Uskayaw
Xom
Yredelemnul
Zin


Innate Abilities, Weirdness & Mutations

You have a beak for a mouth.
You have claws for feet.
You can magically evade attacks while moving or waiting.


Message History

The black bear closely misses you. The black bear misses you.
The black bear claws you but does no damage.
You hit the black bear.
You claw the black bear, but do no damage.
You peck the black bear, but do no damage.
The black bear is moderately wounded.
The black bear bites you. The black bear closely misses you.
The black bear claws you.
You barely miss the black bear. You claw the black bear.
The black bear is heavily wounded.
The black bear barely misses you. The black bear closely misses you.
The black bear claws you but does no damage.
You hit the black bear.
You claw the black bear, but do no damage.
The black bear is severely wounded.
The black bear barely misses you.
The black bear claws you but does no damage. x2
You fade into invisibility!
The black bear barely misses you. The black bear misses you.
The black bear closely misses you.
An orc comes into view. It is wielding a +0 trident.
You hit the black bear. You claw the black bear.
Your peck misses the black bear.
The black bear is almost dead.
The black bear goes berserk!
You barely miss the black bear.
You claw the black bear, but do no damage.
The black bear is almost dead.
The black bear bites you. The black bear claws you.
The black bear closely misses you.
You barely miss the black bear.
The black bear is almost dead.
The black bear barely misses you. The black bear closely misses you.
The black bear misses you. The black bear bites you!
* * * LOW HITPOINT WARNING * * *
The black bear closely misses you. x2
You hit the black bear. Your kick misses the black bear.
The black bear is almost dead.
The black bear barely misses you. The black bear claws you.
You die...

###.##.# #.# ##....
#......#####.# ....#.#
#.#.......##.# .......
#.# #####.##.#######
##.### #.#
#............... # #..
#.###.###.##.########.
#.#
......................
...
############.#########.#
#.# #.o..@h.....( ..
#########.... .# #


You could see a black bear (berserk, unable to see you) and an orc (wandering,
unable to see you).

Vanquished Creatures
  A phantom (D:4)
  A jelly (D:3)
  2 hounds (D:4)
  3 iguanas (D:4)
  4 gnolls (D:2)
  6 adders
  A worm (D:2)
  2 dart slugs
  2 orcs
  4 bats
  3 endoplasms
  2 giant cockroaches
  8 goblins
  6 hobgoblins
  7 jackals
  8 kobolds
  6 quokkas
  10 ball pythons
  4 frilled lizards
  5 rats
85 creatures vanquished.

Notes
Turn   | Place    | Note
-------+----------+-------------------------------------------
     0 | D:1      | Revguard the Tengu Gladiator began the quest for the Orb.
     0 | D:1      | Reached XP level 1. HP: 12/12 MP: 2/2
   147 | D:1      | Reached XP level 2. HP: 17/17 MP: 3/3
   560 | D:1      | Reached XP level 3. HP: 21/21 MP: 4/4
   956 | D:2      | Reached skill level 1 in Armour
   961 | D:2      | Reached XP level 4. HP: 10/27 MP: 5/5
   965 | D:2      | Reached skill level 4 in Short Blades
   971 | D:2      | Reached skill level 1 in Invocations
   971 | D:2      | Reached skill level 1 in Evocations
  1629 | D:3      | Reached XP level 5. HP: 22/31 MP: 6/6
  1746 | D:3      | Found a stormy altar of Qazlal.
  2283 | D:3      | Found an iron altar of Okawaru.
  2351 | D:4      | Reached skill level 1 in Stealth
  2452 | D:4      | Noticed a phantom
  2464 | D:4      | Killed a phantom
  2465 | D:4      | Reached XP level 6. HP: 17/36 MP: 8/8
  2926 | D:4      | Reached skill level 5 in Short Blades
  3013 | D:4      | Found a staircase to the Ecumenical Temple.
  3024 | Temple   | Entered the Ecumenical Temple
  3327 | D:4      | Noticed a black bear
  3341 | D:4      | Slain by a black bear

Illustrated notes

Levels and vault maps discovered:
D:1:      roderic_crossed_star, layout_loops_ring
D:2:      layout_loops_ring, small_statue_intersection
D:3:      layout_basic, marbit_many_paths, grunt_qazlal_sundering
D:4:      layout_basic, minmay_temple_entry_drinking_statues, moated_statue,
          kennysheep_flooded_box
Temple:   nicolae_temple_superstar

Skill      XL: |  1  2  3  4  5  6 |
---------------+-------------------+-----
Armour         | 1 2 |  2.1
Short Blades   | 4 5 |  5.0
Dodging        | 4 |  4.9
Invocations    | 1 |  1.8
Evocations     | 1 2 |  2.0
Stealth        | 1 |  1.5
Fighting       | |  2.9
Throwing       | |  2.0

Action                     |  1- 3 |  4- 6 || total
---------------------------+-------+-------++-------
  Melee: Rapier            |    83 |   162 ||   245
         Peck              |    15 |    26 ||    41
         Kick              |    19 |    51 ||    70
  Throw: Throwing net      |     2 |     3 ||     5
    Use: Scroll            |       |     2 ||     2
         Potion            |       |     1 ||     1
   Stab: Sleeping          |       |     3 ||     3
 Armour: Leather armour    |     3 |       ||     3
         Ring mail         |    28 |    72 ||   100
  Dodge: Dodged            |    68 |   133 ||   201

Table legend: (Time is in decaauts)
 A = Elapsed time spent in this place.
 B = Non-inter-level travel time spent in this place.
 C = Inter-level travel time spent in this place.
 D = Time resting spent in this place.
 E = Time spent auto-exploring this place.
 F = Levels seen in this place.
 G = Mean time per level.
                   A        B        C        D        E       F      G
               +--------+--------+--------+--------+--------+-----+--------+
         Total |   3338 |   3297 |     41 |     90 |   2351 |   5 |  667.6 |
       Dungeon |   3244 |   3203 |     41 |     90 |   2351 |   4 |  811.0 |
        Temple |     93 |     93 |      0 |      0 |      0 |   1 |   93.0 |
               +--------+--------+--------+--------+--------+-----+--------+

Top non-repeatable levels by time:
     D:1: 950 daAuts
     D:4: 908 daAuts
     D:3: 739 daAuts
     D:2: 645 daAuts
  Temple: 93 daAuts
